 Dungeon Sprint DCSS version 0.32-a0-572-g3e1049bc92 (webtiles) character file.

Game seed: 7197595058006483541

19261 Revguard the Fetichist (level 12, -22/109 HPs)
             Began as a Coglin Berserker on Mar 1, 2024.
             Was a High Priest of Trog.
             Annihilated by a daeva
             ... wielding a +5 scimitar of holy wrath
              (38 damage)
             ... in the Dungeon (Sprint V: "Ziggurat Sprint").
             The game lasted 00:12:07 (725 turns).

Revguard the Fetichist (Coglin Berserker)            Turns: 725, Time: 00:12:08

Health: -22/109    AC: 32    Str: 22    XL:     12   Next: 67%
Magic:  12/12      EV: 12    Int:  8    God:    Trog [*****.]
Gold:   0          SH:  0    Dex: 13    Spells: 11/11 levels left

rFire   + + .        s - +5 broad axe (heavy) {Shi}
rCold   . . .        t - +16 obsidian axe {drain, demonic, Mesm ^Drain Fly SInv}
rNeg    . . .        u - +15 Maxwell's patent armour {-Cast -Tele rElec Will+ rCorr}
rPois   +            y - +0 helmet "Doxkaon" {-Tele rElec rPois rF++}
rElec   +            (no cloak)
rCorr   +            (no gloves)
SInv    +            (no boots)
Will    +++..        (amulet unavailable) Stlth
                     (ring unavailable)
HPRegen 1.38/turn    (ring unavailable)
MPRegen 0.13/turn    (no gizmo)

%: no teleportation, no spellcasting
@: strong-willed, on berserk cooldown, flying, mesmerised, regenerating,
glowing, revving
A: off-hand wielding, slow wielding, warmup strikes, no jewellery
a: Invent Gizmo, Renounce Religion, Berserk, Trog's Hand, Brothers in Arms


You were in the Dungeon.
You worshipped Trog.
Trog was extremely pleased with you.
You visited 1 branch

Inventory:

Hand Weapons
 a - a +0 hand axe {Karolin}
 c - a +0 dagger {Jacinta}
 l - a +2 antimagic broad axe
 s - a +5 heavy broad axe (weapon) {Shi}
 t - the +16 obsidian axe (offhand) {drain, demonic, Mesm ^Drain Fly SInv}
   (You found it in the Dungeon)

   Mesm:      Its wielder is mesmerised by any visible foes, and it cannot be
   unequipped while any foes are visible.
   SInv:      It lets you see invisible.
   Fly:       It grants you flight.
   ^Drain:    It drains your maximum health when unequipped.
 w - the +8 hand axe "Deymeps" {venom, rPois Will- MP+9 Dex+6}
   (You found it in the Dungeon)

   Dex+6:     It affects your dexterity (+6).
   rPois:     It protects you from poison.
   Will-:     It decreases your willpower.
   MP+9:      It affects your magic capacity (+9).
Armour
 b - a +0 animal skin
 u - the +15 Maxwell's patent armour (worn) {-Cast -Tele rElec Will+ rCorr}
   (You found it in the Dungeon)

   rElec:     It insulates you from electricity.
   Will+:     It increases your willpower.
   -Cast:     It prevents spellcasting.
   -Tele:     It prevents most forms of teleportation.
   rCorr:     It protects you from acid and corrosion.
 v - the +4 plate armour of Kathenotheism {rElec rC++ Slay+3}
   (You found it in the Dungeon)

   Slay+3:    It affects your accuracy & damage with ranged weapons and melee
   (+3).
   rC++:      It greatly protects you from cold.
   rElec:     It insulates you from electricity.
 y - the +0 helmet "Doxkaon" (worn) {-Tele rElec rPois rF++}
   (You found it in the Dungeon)

   rF++:      It greatly protects you from fire.
   rElec:     It insulates you from electricity.
   rPois:     It protects you from poison.
   -Tele:     It prevents most forms of teleportation.
Wands
 q - a wand of mindburst (18)
 r - a wand of quicksilver (6)
 x - a wand of polymorph (5)
 A - a wand of flame (20)
 B - a wand of digging (18)
 C - a wand of charming (10)
Scrolls
 i - 4 scrolls of blinking
 n - 7 scrolls of fog
 o - 5 scrolls of identify
 p - 2 scrolls of fear
Potions
 d - 10 potions of curing
 e - 9 potions of heal wounds
 f - 6 potions of haste
 g - 7 potions of magic
 h - 3 potions of berserk rage
 j - 2 potions of invisibility
 k - 4 potions of resistance
 m - 5 potions of might


   Skills:
 + Level 15.0 Fighting
 + Level 15.0 Axes
 + Level 13.5 Armour
 + Level 13.4 Dodging
 + Level 18.4 Evocations


You had 11 spell levels left.
You didn't know any spells.
Your spell library was empty.

Dungeon Overview and Level Annotations

Branches:
Dungeon (1/1)

Altars:
Ashenzari
Cheibriados
Dithmenos
Elyvilon
Fedhas
Gozag
Hepliaklqana
Kikubaaqudgha
Makhleb
Nemelex Xobeh
Okawaru
Qazlal
Ru
Sif Muna
Trog
Uskayaw
Vehumet
Wu Jian
Xom
Yredelemnul
Zin
The Shining One
Beogh
Jiyva
Lugonu


Innate Abilities, Weirdness & Mutations

You can wield a second weapon in your off-hand.
It takes a long time for you to wield or remove held weapons.
Your first few attacks do less damage.
You cannot equip rings or amulets.


Message History

You are engulfed in blessed fire.
Your deep troll goes berserk!
Visions of slaying the angel flood into your mind.
The cherub sings a powerful hymn!
The angels go into a battle-frenzy!
The angel hits you with a +2 whip of holy wrath!
The angel hits you but does no damage.
You're still recovering from your berserk rage.
You slash the angel with your +5 heavy broad axe!
The angel is lightly wounded.
You closely miss the angel with the +16 obsidian axe.
The angel hits you with a +2 whip of holy wrath! x2
The pearl dragon breathes cleansing flame at you.
The blast of cleansing flame engulfs the daeva.
The daeva completely resists.
The angel hits you with a +2 whip of holy wrath!!
The angel hits you but does no damage.
Your deep troll is engulfed in blessed fire.
Your deep troll completely misses the angel.
Your deep troll closely misses the angel.
Your deep troll barely misses the angel.
You slice the angel with the +16 obsidian axe!!
You open a gate to Pandemonium!
A demon appears!
The angel is heavily wounded.
The daeva blocks your attack.
You slash the angel with your +5 heavy broad axe!
You slash the daeva with your +5 heavy broad axe!
You are engulfed in blessed fire.
You feel yourself speed up.
Your deep troll is engulfed in blessed fire.
Your deep troll completely misses the angel.
Your deep troll closely misses the angel.
Your deep troll claws the angel!!
The angel hits you with a +2 whip of holy wrath!!
* * * LOW HITPOINT WARNING * * *
The angel barely misses you.
Your deep troll bites the pearl dragon!
Your deep troll claws the pearl dragon but does no damage.
Your deep troll closely misses the pearl dragon.
The daeva hits you with a +5 scimitar of holy wrath!!!
You die...

▓▓▓▓▓▓▓▓▓▓▓
▓...|==||...▓...ß©ß...▓
▓.....A.....▓..))))=..▓
▓.....Y.....▓...)|)...▓
.....YA....▓.........▓
....§.... ▓.........▓
▓.A§§.▓ ▓....(((..▓
▓▓4DA▓▓ ▓...((....▓
▓..▓..@T.▓..▓.▓..)..▓.▓
▓.....©.....▓....©....▓
▓▓▓▓▓▓▓▓▓▓▓▓▓▓▓▓▓▓▓▓▓▓▓
▓...ß©ß...▓...ß©ß...▓..
▓..).[:|..▓.....:...▓..
▓..|)=[)..▓..)||)=..▓..
▓.........▓.........▓..
▓.....†...▓.........▓..
▓.....††..▓.........▓..


You could see a daeva (strong), a pearl dragon (distracted, ally target), an
angel (mesmerising, strong, ally target), a friendly deep troll (summoned,
berserk) and a friendly hellwing (summoned).

Vanquished Creatures
  A ghoul (D)
  A vampire knight (D)
  2 mummy priests (D)
  A fire dragon (D)
  An ice dragon (D)
  A two-headed ogre (D)
  2 dancing weapons (D)
  A vampire mage (D)
  A skeletal warrior (D)
  A deep elf pyromancer (D)
  A harpy (shapeshifter) (D)
  2 ugly things (D)
  A necromancer (D)
  3 cyclopes (D)
  A shining eye (D)
  An unseen horror (shapeshifter) (D)
  4 rime drakes (D)
  A hornet (shapeshifter) (D)
  A blink frog (shapeshifter) (D)
  A glass eye (D)
  An air elemental (D)
  2 water elementals (D)
  A golden eye (D)
  A fire bat (shapeshifter) (D)
  2 steam dragons (D)
  2 redbacks (D)
  A neqoxec (D)
  A naga (D)
  An acid dragon (D)
  A swamp drake (D)
  A laughing skull (D)
  An ogre (D)
  A bullfrog (D)
  5 scorpions (D)
  4 jellies (D)
  3 iguanas (D)
  An adder (D)
  A ball python (D)
58 creatures vanquished.

Vanquished Creatures (collateral kills)
  An ice dragon (D)
  A vampire mage (D)
  A death drake (D)
  2 cyclopes (D)
  2 rime drakes (D)
  A troll (D)
  A swamp drake (D)
  2 laughing skulls (D)
  A bullfrog (D)
  2 mummies (D)
  An adder zombie (D)
  A bat skeleton (D)
  A giant cockroach simulacrum (D)
17 creatures vanquished.

Grand Total: 75 creatures vanquished

Notes
Turn   | Place    | Note
-------+----------+-------------------------------------------
     0 | D        | Revguard the Coglin Berserker began the quest for the Orb.
     0 | D        | Reached XP level 1. HP: 18/18 MP: 1/1
     0 | D        | Found a shimmering blue altar of Sif Muna.
     0 | D        | Found a sacrificial altar of Ru.
     0 | D        | Found a bloodstained altar of Trog.
     0 | D        | Found a stormy altar of Qazlal.
     0 | D        | Found an iron altar of Okawaru.
     0 | D        | Found a sparkling altar of Nemelex Xobeh.
     0 | D        | Found a blossoming altar of Fedhas.
     0 | D        | Found the +6 Majin-Bo {spellvamp, MP+6 Int+6}
     0 | D        | Found the +27 heavy crossbow "Sniper" {heavy, Acc+∞ SInv}
     0 | D        | Found the +10 dark maul {heavy}
     0 | D        | Found the +15 Maxwell's patent armour {-Cast -Tele rElec
                  | Will+ rCorr}
     0 | D        | Found the +18 shield of the Gong {Loud rN+ Will+ rCorr
                  | EV-5}
     0 | D        | Found the +16 obsidian axe {drain, demonic, Mesm ^Drain Fly
                  | SInv}
     0 | D        | Found the +7 great mace "Firestarter" {flame, immolate,
                  | rFlCloud rF++}
     0 | D        | Found the +6 shillelagh "Devastator" {shatter}
     0 | D        | Found the +11 plutonium sword {^Contam Stlth-}
     0 | D        | Found the +8 lance "Wyrmbane" {slay drac, rPois rF+ rC+
                  | AC+3}
     0 | D        | Found the +9 sword of Zonguldrok {reap}
     0 | D        | Found the +13 scythe of Curses {drain, curses, ^Drain}
     0 | D        | Found the +9 sword of Power {lifebolt}
     0 | D        | Found the +7 mace of Variability {chaos, chaos arc}
     0 | D        | Found the +11 Singing Sword {sonic wave}
     0 | D        | Found the +8 storm bow {elec, penet}
     2 | D        | Found a transporter.
     2 | D        | Found an ancient bone altar of Kikubaaqudgha.
     2 | D        | Found a viscous altar of Jiyva.
     2 | D        | Found a corrupted altar of Lugonu.
     2 | D        | Found a hazy altar of Hepliaklqana.
     2 | D        | Found a burning altar of Makhleb.
     2 | D        | Found an opulent altar of Gozag.
    81 | D        | Entered arena 2.
    81 | D        | Noticed a golden eye
    81 | D        | Noticed a jelly
    81 | D        | Found a transporter.
    83 | D        | Killed a jelly
    84 | D        | Reached skill level 3 in Evocations
    84 | D        | Reached XP level 2. HP: 25/25 MP: 2/2
    84 | D        | Reached XP level 3. HP: 30/30 MP: 3/3
    88 | D        | Killed a golden eye
    89 | D        | Reached skill level 5 in Fighting
    89 | D        | Reached skill level 5 in Axes
    89 | D        | Reached skill level 6 in Evocations
    89 | D        | Reached XP level 4. HP: 40/40 MP: 4/4
    89 | D        | Reached XP level 5. HP: 46/46 MP: 5/5
    91 | D        | Got the +4 plate armour of Kathenotheism {rElec rC++
                  | Slay+3}
   107 | D        | Entered arena 3.
   107 | D        | Noticed a naga
   107 | D        | Found a transporter.
   109 | D        | Reached ** piety under Trog
   110 | D        | Killed a naga
   111 | D        | Reached skill level 5 in Armour
   111 | D        | Reached skill level 5 in Dodging
   111 | D        | Reached skill level 7 in Evocations
   111 | D        | Reached XP level 6. HP: 53/53 MP: 6/6
   116 | D        | Entered arena 4.
   116 | D        | Noticed a rime drake
   116 | D        | Noticed a rime drake
   116 | D        | Noticed a rime drake
   116 | D        | Noticed a steam dragon
   116 | D        | Found a transporter.
   121 | D        | Killed a steam dragon
   122 | D        | Reached skill level 8 in Evocations
   122 | D        | Reached XP level 7. HP: 44/60 MP: 7/7
   123 | D        | Killed a rime drake
   123 | D        | Killed a rime drake
   123 | D        | Reached *** piety under Trog
   124 | D        | Reached skill level 10 in Evocations
   124 | D        | Reached XP level 8. HP: 41/69 MP: 8/8
   125 | D        | Killed a rime drake
   133 | D        | Got the +8 hand axe "Deymeps" {venom, rPois Will- MP+9
                  | Dex+6}
   148 | D        | Reached skill level 11 in Evocations
   148 | D        | Reached XP level 9. HP: 69/77 MP: 8/9
   212 | D        | Entered arena 5.
   212 | D        | Found a transporter.
   215 | D        | Reached **** piety under Trog
   224 | D        | Entered arena 6.
   224 | D        | Found a transporter.
   227 | D        | Reached skill level 10 in Fighting
   228 | D        | Reached ***** piety under Trog
   229 | D        | Reached skill level 10 in Axes
   237 | D        | Got the +0 helmet "Doxkaon" {-Tele rElec rPois rF++}
   258 | D        | Entered arena 7.
   258 | D        | Noticed a +3 glaive of venom
   258 | D        | Noticed a +2 scimitar of holy wrath
   258 | D        | Noticed a deep elf pyromancer
   259 | D        | Found a transporter.
   260 | D        | Paralysed by an air elemental for 1 turns
   262 | D        | Killed a +2 scimitar of holy wrath
   263 | D        | Reached skill level 12 in Evocations
   263 | D        | Reached XP level 10. HP: 86/86 MP: 10/10
   265 | D        | Killed a deep elf pyromancer
   266 | D        | Reached skill level 13 in Evocations
   269 | D        | Killed a +3 glaive of venom
   270 | D        | Reached skill level 10 in Armour
   270 | D        | Reached skill level 10 in Dodging
   307 | D        | Entered arena 8.
   307 | D        | Noticed a mummy priest
   307 | D        | Noticed a mummy priest
   308 | D        | Found a transporter.
   308 | D        | Received a gift from Trog
   312 | D        | Noticed a sixfirhy
   316 | D        | Killed a mummy priest
   317 | D        | Reached skill level 14 in Evocations
   317 | D        | Killed a mummy priest
   426 | D        | Entered arena 9.
   427 | D        | Found a transporter.
   429 | D        | Identified the +2 war axe of Avecobb {flame, rC+} (Trog
                  | gifted it to you in the Dungeon)
   429 | D        | Received a gift from Trog
   431 | D        | Reached ****** piety under Trog
   433 | D        | Reached XP level 11. HP: 92/95 MP: 11/11
   542 | D        | Entered arena 10.
   542 | D        | Noticed a cyclops
   542 | D        | Noticed a cyclops
   542 | D        | Noticed a cyclops
   542 | D        | Noticed a two-headed ogre
   542 | D        | Noticed a cyclops
   542 | D        | Noticed a cyclops
   545 | D        | Found a transporter.
   549 | D        | Killed a two-headed ogre
   549 | D        | Received a gift from Trog
   550 | D        | Reached skill level 15 in Evocations
   550 | D        | Killed a cyclops
   551 | D        | Killed a cyclops
   551 | D        | Killed a cyclops
   552 | D        | Killed a cyclops
   554 | D        | Killed a cyclops
   580 | D        | Entered arena 11.
   580 | D        | Found the +8 whip "Snakebite" {venom, curare, rPois}
   580 | D        | Noticed a harpy
   580 | D        | Noticed a purple ugly thing
   580 | D        | Noticed a shining eye
   580 | D        | Noticed a red ugly thing
   581 | D        | Found a transporter.
   582 | D        | Killed a harpy
   582 | D        | Received a gift from Trog
   586 | D        | Reached skill level 16 in Evocations
   587 | D        | Killed a shining eye
   588 | D        | Killed a red ugly thing
   590 | D        | Killed a brown ugly thing
   590 | D        | Received a gift from Trog
   618 | D        | Entered arena 12.
   618 | D        | Noticed a ghoul
   618 | D        | Noticed a vampire knight
   618 | D        | Noticed a vampire mage
   618 | D        | Noticed a necromancer
   619 | D        | Noticed a vampire mage
   619 | D        | Noticed a skeletal warrior
   619 | D        | Noticed a phantasmal warrior
   623 | D        | Found a transporter.
   626 | D        | Killed a vampire knight
   627 | D        | Killed a ghoul
   628 | D        | Reached XP level 12. HP: 98/106 MP: 12/12
   628 | D        | Received a gift from Trog
   629 | D        | Reached skill level 17 in Evocations
   630 | D        | Killed a vampire mage
   635 | D        | Killed a vampire mage
   635 | D        | Received a gift from Trog
   675 | D        | Entered arena 13.
   675 | D        | Noticed an ice dragon
   675 | D        | Noticed a fire dragon
   677 | D        | Noticed an ice dragon
   678 | D        | Found a transporter.
   682 | D        | Killed an ice dragon
   682 | D        | Killed a fire dragon
   682 | D        | Received a gift from Trog
   683 | D        | Reached skill level 18 in Evocations
   686 | D        | Killed an ice dragon
   688 | D        | Reached skill level 15 in Fighting
   688 | D        | Reached skill level 15 in Axes
   720 | D        | Entered arena 14.
   721 | D        | Noticed a pearl dragon
   721 | D        | Noticed a daeva
   721 | D        | Noticed an angel
   721 | D        | Noticed an apis
   721 | D        | Noticed an apis
   725 | D        | Annihilated by a daeva

Illustrated notes

Levels and vault maps discovered:
D:        sprint_v [room_start, room_1, room_2, room_3, room_4, room_5, room_6,
          room_7, room_8, room_9, room_10, room_11, room_12, room_13, room_14,
          room_15, room_16, room_17, room_18, room_19, room_20, room_21,
          room_22, room_23, room_24, room_25, room_26, room_27]

Skill      XL: |  1  2  3  4  5  6  7  8  9 10 11 12 |
---------------+-------------------------------------+-----
Fighting       | 4 5 6 7 8 9 10 12 13 15 | 15.0
Axes           | 4 5 6 7 8 9 10 12 13 15 | 15.0
Armour         | 2 4 5 6 7 8 9 10 12 13 | 13.5
Dodging        | 3 4 5 6 7 8 9 10 12 13 | 13.4
Evocations     | 3 6 7 8 10 11 12 14 16 18 | 18.4

Action                     |  1- 3 |  4- 6 |  7- 9 | 10-12 || total
---------------------------+-------+-------+-------+-------++-------
  Melee: Broad axe         |     8 |     5 |    14 |    83 ||   110
         Hand axe          |       |       |     7 |     5 ||    12
 Invoke: Berserk           |     1 |       |     1 |     3 ||     5
         Trog's Hand       |       |     1 |     1 |     5 ||     7
         Brothers in Arms  |       |       |       |     4 ||     4
  Evoke: Wand              |       |       |       |     3 ||     3
    Use: Potion            |       |     1 |     1 |       ||     2
         Scroll            |       |       |       |     2 ||     2
   Stab: Distracted        |       |       |     1 |     1 ||     2
 Armour: Plate armour      |       |    14 |    15 |    56 ||    85
  Dodge: Dodged            |       |     5 |    10 |    38 ||    53

Table legend: (Time is in decaauts)
 A = Elapsed time spent in this place.
 B = Non-inter-level travel time spent in this place.
 C = Inter-level travel time spent in this place.
 D = Time resting spent in this place.
 E = Time spent auto-exploring this place.
 F = Levels seen in this place.
 G = Mean time per level.
                   A        B        C        D        E       F      G
               +--------+--------+--------+--------+--------+-----+--------+
         Total |    783 |    783 |      0 |    308 |     14 |   1 |  783.0 |
       Dungeon |    783 |    783 |      0 |    308 |     14 |   1 |  783.0 |
               +--------+--------+--------+--------+--------+-----+--------+

Top non-repeatable levels by time:
       D: 783 daAuts
